 Dungeon Crawl Stone Soup version 0.31-a0-408-gb642c7f9a3 (webtiles) character file.

Game seed: 637428545104377319

114 Gelion the Changeling (level 4, 0/29 HPs)
             Began as an Octopode Shapeshifter on July 29, 2023.
             Slain by a steam dragon (4 damage)
             ... on level 4 of the Dungeon.
             The game lasted 00:04:38 (2326 turns).

Gelion the Changeling (Octopode Shapeshifter)       Turns: 2326, Time: 00:04:39

Health: 0/29       AC:  1    Str: 14    XL:     4   Next: 97%
Magic:  4/4        EV: 13    Int: 10    God:
Gold:   138        SH:  0    Dex: 14    Spells: 3/3 levels left

rFire   . . .        l - +2 dagger (elec)
rCold   . . .        (no shield)
rNeg    . . .        (helmet currently unavailable)
rPois   .            (no amulet)
rElec   .            (no ring)
rCorr   .            (no ring)
SInv    .            (no ring)
Will    .....        (no ring)
Stlth   ++           (no ring)
HPRegen 0.24/turn    (no ring)
MPRegen 0.09/turn    (no ring)
                     (no ring)

%: no passive effects
@: beast-form
A: beast (slay +2), almost no armour, amphibious, 8 rings, camouflage 1,
gelatinous body 1, (nimble swimmer 1), tentacles
a: Begin Untransformation


You were on level 4 of the Dungeon.
You were a hulking beast.
You visited 1 branch of the dungeon, and saw 5 of its levels.

You collected 138 gold pieces.

Inventory:

Hand Weapons
 l - a +2 dagger of electrocution (weapon)
Talismans
 b - a beast talisman
 g - a maw talisman
Scrolls
 d - 2 scrolls of fog
 f - a scroll of poison
 h - a scroll of amnesia {unknown}
Potions
 a - 2 potions of lignification
 c - 3 potions of heal wounds
 e - 3 potions of curing
 i - 2 potions of mutation
 j - a potion of resistance
 k - a potion of brilliance


   Skills:
 + Level 2.3 Fighting
 - Level 2.0 Dodging
 + Level 3.7 Unarmed Combat
 * Level 4.0 Shapeshifting


You had 3 spell levels left.
You didn't know any spells.
Your spell library contained the following spells:

 Spells                   Type           Power      Damage    Failure   Level
 Hailstorm                Conj/Ice       0%         3d3       75%         3
 Vhi's Electric Charge    Tloc/Air       0%         N/A       75%         3
 Summon Ice Beast         Ice/Summ       0%         N/A       98%         4
 Arcjolt                  Conj/Air       0%         1d10      100%        5
 Simulacrum               Ice/Necr       0%         N/A       100%        6
 Maxwell's Capacitive Co  Air            0%         ∞         100%        8


Dungeon Overview and Level Annotations

Branches:
Dungeon (5/15)
 Temple: D:4-7

Altars:
Qazlal
Vehumet

Shops:
D:2 [


Innate Abilities, Weirdness & Mutations

You are a hulking beast.
Your limbs bulge with bestial killing power. (Slay +2)
You cannot wear most types of armour.
You are amphibious.
You can wear up to eight rings at the same time.
Your skin changes colour to match your surroundings (Stealth+).
Your rubbery body absorbs attacks. (AC +1, EV +1)
((You are camouflaged when in or above water. (Stealth+)))
You have tentacles for arms and can constrict up to eight enemies at once.


Message History

You start resting.
You hear the hiss of a very distant avalanche of sand.
You start resting.
You hear the brisk hiss of a very distant avalanche of sand.
Found 4 boomerangs.
Found 12 gold pieces.
You now have 138 gold pieces (gained 12).
Found a potion of heal wounds.
You hear the brisk hiss of a distant avalanche of sand.
Found 11 gold pieces.
Found a stone staircase leading down.
A steam dragon comes into view.
Found a ring mail.
An ogre and a kobold come into view.
A ball python comes into view.
The ball python hisses angrily.
The steam dragon hisses angrily.
The steam dragon breathes steam at you. The ball of steam misses you.
The ogre shouts!
You are engulfed in a cloud of scalding steam.
The ball python is engulfed in a cloud of scalding steam.
The ball python dies!
You hit the steam dragon but do no damage.
The steam dragon breathes steam at you. The ball of steam hits you!!
Ouch! That really hurt!
* * * LOW HITPOINT WARNING * * *
You hear a shout!
You barely miss the steam dragon.
You are engulfed in a cloud of scalding steam.
* * * LOW HITPOINT WARNING * * *
The steam dragon closely misses you. The steam dragon misses you.
You hit the steam dragon.
Lightning courses through the steam dragon!
The steam dragon is heavily wounded.
The steam dragon misses you. The steam dragon barely misses you.
Unknown command.
You hit the steam dragon but do no damage.
The steam dragon is heavily wounded.
The steam dragon bites you.
You die...

..... ...# ####
#..# ## .... #..#
..#
#..KO....#..##.#
#........#..#.#
#........>†.$##
#..... #§§#h##
..... #..D..# ...
#...#..#
#.###.####...#..#
#............#..#
###.#..###.#.#.#.
[..... #.#..###.
#.#.#.#.##.#.##
#. #.......##.#..
##


You could see a steam dragon.

Vanquished Creatures
  An iguana (D:5)
  2 adders
  A worm (D:2)
  2 dart slugs
  12 endoplasms
  5 giant cockroaches
  3 goblins
  5 hobgoblins
  5 jackals
  2 quokkas
  4 ball pythons
  6 bats (D:2)
  A frilled lizard (D:1)
  5 kobolds
54 creatures vanquished.

Vanquished Creatures (others)
  A ball python (D:4)
1 creature vanquished.

Grand Total: 55 creatures vanquished

Notes
Turn   | Place    | Note
-------+----------+-------------------------------------------
     0 | D:1      | Gelion the Octopode Shapeshifter began the quest for the
                  | Orb.
     0 | D:1      | Reached XP level 1. HP: 13/13 MP: 1/1
   306 | D:1      | Reached XP level 2. HP: 18/18 MP: 2/2
   797 | D:2      | Reached XP level 3. HP: 7/23 MP: 3/3
  1108 | D:2      | Found Opeu's Antique Armour Emporium.
  1213 | D:2      | Reached XP level 4. HP: 29/29 MP: 4/4
  1397 | D:3      | Found a stormy altar of Qazlal.
  2081 | D:4      | Identified the +2 robe of the Everdark {Will+ Int+6 Dex+3}
  2085 | D:4      | You fall into a shaft and drop 1 floor!
  2085 | D:5      | Entered Level 5 of the Dungeon
  2149 | D:5      | Noticed an ice beast
  2151 | D:5      | Reached skill level 4 in Shapeshifting
  2155 | D:4      | Found a radiant altar of Vehumet.
  2307 | D:4      | Noticed a steam dragon
  2311 | D:4      | Noticed an ogre
  2326 | D:4      | Slain by a steam dragon

Illustrated notes

Levels and vault maps discovered:
D:1:      amcnicky_arrival_blooded_trapdoor, layout_loops_ring, serial_glass,
          glass_columns_a, glass_columns_a, glass_columns_a, glass_columns_b,
          glass_columns_a, glass_columns_a, glass_columns_a, glass_columns_b,
          minmay_crystal_room, st_stairs_5, nrook_mini_backslash,
          hangedman_decor_push
D:2:      layout_rooms, serial_shops, nicolae_diamond_shop,
          corexii_item_surrounded_by_moat, chequers_serial_rivers_micro_b
D:3:      layout_loops_ring, grunt_qazlal_clouds, serial_bayou,
          serial_bayou_shore_b, serial_bayou_lagoon_b, serial_bayou_pond_b,
          serial_bayou_shore_b
D:4:      cheibrodos_thug_alley, layout_loops_ring, kennysheep_mini_moat,
          tgw_trog, nicolae_ossuary_entry_giza, serial_glass, glass_columns_b,
          glass_columns_c
D:5:      layout_basic, cheibrodos_sewer_entry_bend,
          nicolae_elevator_lobby_asterisk

Skill      XL: |  1  2  3  4 |
---------------+-------------+-----
Fighting       | 2 |  2.3
Shapeshifting  | 4 |  4.0
Dodging        | |  2.0
Unarmed Combat | |  3.7

Action                     |  1- 3 |  4- 6 || total
---------------------------+-------+-------++-------
  Melee: Unarmed           |    13 |       ||    13
         Tentacles         |    20 |     6 ||    26
         Constrict         |    19 |     6 ||    25
         Dagger            |    59 |    35 ||    94
         Punch             |     3 |       ||     3
    Use: Scroll            |     4 |     6 ||    10
   Stab: Sleeping          |     6 |     5 ||    11
 Armour: Skin              |    12 |     1 ||    13
  Dodge: Dodged            |    52 |    20 ||    72

Table legend: (Time is in decaauts)
 A = Elapsed time spent in this place.
 B = Non-inter-level travel time spent in this place.
 C = Inter-level travel time spent in this place.
 D = Time resting spent in this place.
 E = Time spent auto-exploring this place.
 F = Levels seen in this place.
 G = Mean time per level.
                   A        B        C        D        E       F      G
               +--------+--------+--------+--------+--------+-----+--------+
         Total |   2323 |   2114 |    209 |    128 |   1662 |   5 |  464.6 |
       Dungeon |   2323 |   2114 |    209 |    128 |   1662 |   5 |  464.6 |
               +--------+--------+--------+--------+--------+-----+--------+

Top non-repeatable levels by time:
     D:1: 752 daAuts
     D:3: 656 daAuts
     D:2: 627 daAuts
     D:4: 219 daAuts
     D:5: 67 daAuts
